 Dungeon Crawl Stone Soup version 0.22.1-1-ga44c0e5 (webtiles) character file.

17243 geeseburger the Nimble (level 12, -5/113 HPs)
             Began as a Pale Draconian Berserker on Oct 5, 2018.
             Was a High Priest of Trog.
             Slain by a stone giant (20 damage)
             ... on level 11 of the Dungeon on Oct 6, 2018.
             The game lasted 00:44:52 (15260 turns).

geeseburger the Nimble (Pale Draconian Berserker)  Turns: 15260, Time: 00:44:53

Health: -5/113     AC: 14    Str: 28    XL:     12   Next: 17%
Magic:  6/12       EV: 21    Int:  7    God:    Trog [*****.]
Gold:   537        SH:  3    Dex: 14    Spells: 11/11 levels left

rFire    + + .     SeeInvis .   A - +8 morningstar "Qowk" {crush, Str+5}
rCold    + + .     Gourm    .   t - +0 buckler {rC+ rF+}
rNeg     . . .     Faith    .   (armour unavailable)
rPois    .         Spirit   .   (helmet restricted)
rElec    +         Reflect  .   a - +1 cloak
rCorr    .         Harm     +   (no gloves)
MR       ++...                  b - +3 pair of boots of Twilight {rElec Str+3 Int-2}
Stlth    +.........             y - amulet of harm
HPRegen  1.28/turn              q - ring of protection from fire
MPRegen  0.13/turn              E - ring of protection from cold

@: regenerating
A: breathe steam, unfitting armour, cold-blooded, AC +8
a: Breathe Steam, Berserk, Trog's Hand, Brothers in Arms, Renounce Religion


You were on level 11 of the Dungeon.
You worshipped Trog.
Trog was extremely pleased with you.
You were not hungry.

You visited 2 branches of the dungeon, and saw 12 of its levels.

You collected 537 gold pieces.

Inventory:

Hand Weapons
 e - a +6 vampiric flail
 A - the +8 morningstar "Qowk" (weapon) {crush, Str+5}
   (You found it on level 8 of the Dungeon)

   It inflicts extra damage upon your enemies.
   It affects your strength (+5).
 B - a +2 war axe of chopping
 D - a +1 trident of freezing
 H - a +1 antimagic flail
Armour
 a - a +1 cloak (worn)
 b - the +3 pair of boots of Twilight (worn) {rElec Str+3 Int-2}
   (You found it on level 7 of the Dungeon)

   It affects your strength (+3).
   It affects your intelligence (-2).
   It insulates you from electricity.
 d - a +0 large shield
 i - a scarf of spirit shield
 t - a +0 buckler of resistance (worn)
Magical Staves
 u - an uncursed staff of air
Jewellery
 q - a ring of protection from fire (left hand)
 y - an amulet of harm (around neck)
 E - a ring of protection from cold (right hand)
Wands
 p - a wand of polymorph (13)
 s - a wand of paralysis (33)
 x - a wand of random effects (28)
 z - a wand of acid (8)
Scrolls
 k - a scroll of fog
 l - 5 scrolls of remove curse
 m - a scroll of magic mapping
 o - 4 scrolls of teleportation
Potions
 c - 2 potions of agility
 f - 2 potions of brilliance {unknown}
 g - 3 potions of might {unknown}
 h - 6 potions of haste
 j - 8 potions of curing
 n - 4 potions of heal wounds {unknown}
 r - 3 potions of lignification {unknown}
 w - 3 potions of flight {unknown}
 C - 2 potions of resistance {unknown}
 F - a potion of ambrosia {unknown}
Comestibles
 v - 8 rations


   Skills:
 + Level 12.6 Fighting
   Level 3.0 Long Blades
 + Level 3.6 Maces & Flails
 * Level 14.4 Dodging


You had 11 spell levels left.
You didn't know any spells.
Your spell library was empty.

Dungeon Overview and Level Annotations

Branches:
Dungeon (11/15)            Temple (0/1) D:5            Lair (0/6) D:9
    Orc (1/2) D:11

Altars:
Cheibriados
Elyvilon
Fedhas
Makhleb
Okawaru
Ru
Trog
Wu Jian
Yredelemnul
The Shining One

Shops:
D:7 *


Innate Abilities, Weirdness & Mutations

You can breathe blasts of scalding, opaque steam.
Your pale cyan-grey scales are hard. (AC +8)
You cannot fit into any form of body armour.
You are cold-blooded and may be slowed by cold attacks.


Message History

The orc shouts!
You hear a shout! x2
Found 134 gold pieces.
There is a staircase back to the Dungeon here.
The stone giant hits you.
The orc priest casts a cantrip, but nothing happens.
You climb upwards.
Welcome back to the Dungeon!
There is a staircase to the Orcish Mines here.
You hit the stone giant.
The stone giant is lightly wounded.
The stone giant hits you!!!
Your skin crawls.
You feel resistant to hostile enchantments.
You feel somewhat more hungry. The stone giant hits you!
You puncture the stone giant! You tail-slap the stone giant!
The stone giant is moderately wounded.
The stone giant hits you!!
* * * LOW HITPOINT WARNING * * *
The stone giant barely misses you. The stone giant hits you!
You die...

#.########## #.#........######
#.#.###.........# #.#.#
#.##.####.# #.#.# #############
### ### ##.#.#
#######8###8###8###8# ######....#
#≈≈§.#...#...#...#...
..........###§≈C.#...............
.#..........#≈>.@'...............
...##.#.#...#≈≈..#...............
.####.#.#####§≈≈.#...#...#...#...
.# #.#.# #######8###8###.###.#
.####.#'## ##### ### #######
.........## #.# #.#.#..
.####...÷.## #.##### #......
...#.......## ##.....# #.##...
......).....####...##.#####.##(..


You could see a stone giant.

Vanquished Creatures
  A hydra (D:11)
  A two-headed ogre (D:11)
  A queen ant (D:11)
  An unseen horror (D:10)
  Pikel (D:6)
  The ghost of Alter the Shield-Bearer, a novice DgFi (D:7)
  An ugly thing (D:11)
  A cyclops (D:11)
  A gargoyle (D:10)
  A kobold demonologist (D:11)
  A troll (D:10)
  Grinder (D:6)
  2 hippogriffs
  16 yaks
  A basilisk (D:9)
  Grum (D:8)
  Edmund (D:4)
  A water moccasin (D:7)
  7 soldier ants (D:11)
  Duvessa (D:4)
  9 orc warriors
  3 porcupines (D:9)
  4 ice beasts
  2 black bears
  4 phantoms
  A sky beast (D:8)
  A slave (D:6)
  A necrophage (D:7)
  5 ogres
  3 wolves (D:8)
  6 centaurs
  2 crocodiles (D:9)
  12 big kobolds
  7 bullfrogs
  Dowan (D:4)
  4 scorpions
  4 wights (D:7)
  5 killer bees (D:9)
  5 howler monkeys
  2 jellies
  A crimson imp (D:9)
  A centaur zombie (D:9)
  9 orc priests
  6 hounds
  13 orc wizards
  A centaur skeleton (D:7)
  2 bullfrog skeletons
  2 iguanas
  36 worker ants
  2 hound skeletons
  2 worker ant zombies
  A howler monkey zombie (D:9)
  20 adders
  4 gnolls
  3 shadow imps
  2 oozes
  An adder zombie (D:5)
  2 worms
  A dart slug (D:1)
  6 leopard geckos
  55 orcs
  9 bats
  4 giant cockroaches
  7 goblins
  8 hobgoblins
  11 jackals
  21 kobolds
  7 quokkas
  A ball python (D:3)
  6 frilled lizards
  A jackal skeleton (D:7)
  A leopard gecko zombie (D:6)
  7 rats
376 creatures vanquished.

Vanquished Creatures (others)
  An orc wizard (D:7)
  A worm (D:6)
  A leopard gecko (D:6)
  A bush (D:9)
  4 fungi (D:9)
  9 plants (D:9)
17 creatures vanquished.

Grand Total: 393 creatures vanquished

Notes
Turn   | Place    | Note
-------+----------+-------------------------------------------
     0 | D:1      | geeseburger the Draconian Berserker began the quest for the
                  | Orb.
     0 | D:1      | Reached XP level 1. HP: 19/19 MP: 1/1
     3 | D:1      | Noticed an electric eel
     3 | D:1      | Noticed an electric eel
   480 | D:1      | Reached skill level 3 in Dodging
   531 | D:1      | Reached XP level 2. HP: 26/26 MP: 2/2
  1053 | D:1      | Reached XP level 3. HP: 23/33 MP: 1/3
  1486 | D:2      | Found an ornate altar of the Wu Jian Council.
  1742 | D:2      | Reached ** piety under Trog
  1742 | D:2      | Reached skill level 4 in Dodging
  1742 | D:2      | Reached XP level 4. HP: 38/40 MP: 2/4
  2155 | D:2      | Found a snail-covered altar of Cheibriados.
  2995 | D:3      | Reached XP level 5. HP: 27/47 MP: 2/5
  4239 | D:4      | Noticed Edmund
  4255 | D:4      | HP: 2/47 [Edmund/flail of protection (2)]
  4257 | D:4      | Killed Edmund
  4257 | D:4      | Reached skill level 5 in Fighting
  4257 | D:4      | Reached skill level 5 in Dodging
  4257 | D:4      | Reached XP level 6. HP: 2/56 MP: 0/6
  4729 | D:4      | Reached skill level 6 in Dodging
  4969 | D:4      | Found an iron altar of Okawaru.
  4971 | D:4      | Noticed Dowan
  4984 | D:4      | Noticed Duvessa
  5006 | D:4      | Killed Dowan
  5006 | D:4      | Your scales start taking on a pale cyan-grey colour.
  5006 | D:4      | Reached XP level 7. HP: 27/62 MP: 5/7
  5018 | D:4      | Killed Duvessa
  5502 | D:4      | Found a burning altar of Makhleb.
  5619 | D:4      | Found a sacrificial altar of Ru.
  5720 | D:5      | Entered Level 5 of the Dungeon
  5895 | D:5      | Reached skill level 7 in Dodging
  6126 | D:5      | Found a staircase to the Ecumenical Temple.
  6221 | D:5      | Reached XP level 8. HP: 41/71 MP: 5/8
  6592 | D:5      | Reached skill level 8 in Dodging
  6641 | D:5      | Found a bloodstained altar of Trog.
  6807 | D:5      | Reached *** piety under Trog
  7130 | D:6      | Noticed Pikel
  7163 | D:6      | Killed Pikel
  7163 | D:6      | Reached skill level 9 in Dodging
  7222 | D:6      | Reached XP level 9. HP: 78/81 MP: 9/9
  7268 | D:6      | Noticed Grinder
  7284 | D:6      | Killed Grinder
  8360 | D:7      | Reached skill level 10 in Dodging
  8391 | D:7      | Found Funoddel's General Store.
  8505 | D:7      | Got a pair of faintly glowing boots
  8511 | D:7      | Identified the +3 pair of boots of Twilight {rElec Str+3
                  | Int-2} (You found it on level 7 of the Dungeon)
  8567 | D:7      | Found a runed gate.
  8571 | D:7      | Noticed Alter's ghost (novice DgFi)
  8572 | D:7      | Found a runed gate.
  8572 | D:7      | Found a runed gate.
  8891 | D:7      | Found a white marble altar of Elyvilon.
  8932 | D:7      | Reached **** piety under Trog
  9113 | D:7      | Reached skill level 11 in Dodging
  9488 | D:7      | Reached XP level 10. HP: 92/92 MP: 10/10
  9527 | D:7      | Killed Alter's ghost
  9527 | D:7      | Reached skill level 10 in Fighting
  9894 | D:8      | Found a basalt altar of Yredelemnul.
  9939 | D:8      | Received a gift from Trog
 10019 | D:8      | Noticed Grum
 10128 | D:8      | Killed Grum
 10289 | D:8      | Got a transparent morningstar
 10425 | D:8      | Found a glowing golden altar of the Shining One.
 10900 | D:9      | Reached skill level 12 in Dodging
 11329 | D:9      | Found a blossoming altar of Fedhas.
 11355 | D:9      | Found a staircase to the Lair.
 11829 | D:9      | Reached XP level 11. HP: 71/102 MP: 6/11
 12053 | D:9      | Identified the +8 morningstar "Qowk" {crush, Str+5} (You
                  | found it on level 8 of the Dungeon)
 12058 | D:10     | Entered Level 10 of the Dungeon
 12087 | D:10     | Reached ***** piety under Trog
 12278 | D:10     | Reached skill level 13 in Dodging
 12951 | D:10     | Killed an unseen horror
 13267 | D:11     | Noticed a five-headed hydra
 13271 | D:11     | Killed a five-headed hydra
 13480 | D:11     | Noticed a two-headed ogre
 13485 | D:11     | Killed a two-headed ogre
 13485 | D:11     | Reached skill level 1 in Maces & Flails
 13572 | D:11     | Noticed a purple ugly thing
 13578 | D:11     | Killed a purple ugly thing
 13797 | D:11     | Reached skill level 14 in Dodging
 14016 | D:11     | Received a gift from Trog
 14325 | D:11     | Noticed a queen ant
 14344 | D:11     | Killed a queen ant
 14344 | D:11     | Reached XP level 12. HP: 67/113 MP: 12/12
 15228 | D:11     | Found a staircase to the Orcish Mines.
 15253 | Orc:1    | Entered Level 1 of the Orcish Mines
 15253 | Orc:1    | Noticed a stone giant
 15260 | D:11     | Slain by a stone giant

Skill      XL: |  1  2  3  4  5  6  7  8  9 10 11 |
---------------+----------------------------------+-----
Dodging        | 3 4 5 6 7 9 11 12 14 | 14.4
Fighting       | 4 5 6 8 9 11 12 | 12.6
Maces & Flails | 3 |  3.6
Long Blades    | |  3.0

Action                   |  1- 3 |  4- 6 |  7- 9 | 10-12 || total
-------------------------+-------+-------+-------+-------++-------
Melee: Falchion          |   110 |    62 |       |       ||   172
       Tailslap          |    11 |    26 |    62 |    72 ||   171
       Halberd           |       |   108 |       |       ||   108
       Flail             |       |    69 |   402 |   217 ||   688
       Morningstar       |       |       |       |   243 ||   243
Invok: Trog's Hand       |       |     3 |     3 |     5 ||    11
 Abil: Breathe Steam     |       |       |     5 |    21 ||    26
  Use: Scroll            |     1 |     3 |    11 |     4 ||    19
 Stab: Sleeping          |     1 |     3 |     2 |       ||     6
  Eat: Ration            |     1 |     4 |     4 |     5 ||    14
       Chunk             |       |       |     2 |     6 ||     8
Armor: Skin              |    33 |    93 |   132 |   134 ||   392
Dodge: Dodged            |    61 |   267 |   332 |   487 ||  1147
Block: Buckler           |       |       |    40 |    83 ||   123
       Rpst.: Falchion   |    23 |    15 |       |       ||    38
